 Dungeon Crawl Stone Soup version 0.18-a0-1196-g09327cf (webtiles) character file.

2933 Eptagon the Bludgeoner (level 9, 0/84 HPs)
             Began as an Ogre Berserker on Jan 29, 2016.
             Was a High Priest of Trog.
             Slain by an orc warrior
             ... wielding a +0 war axe
              (22 damage)
             ... in a bailey.
             The game lasted 00:19:40 (8221 turns).

Eptagon the Bludgeoner (Ogre Berserker)             Turns: 8221, Time: 00:19:40

Health: 0/84       AC:  4    Str: 24    XL:     9   Next: 80%
Magic:  9/9        EV: 10    Int:  6    God:    Trog [*****.]
Gold:   288        SH:  0    Dex: 12    Spells: 0 memorised, 8 levels left

rFire  + . .     SeeInvis .     a - +0 giant club
rCold  . . .     Gourm    .     A - +1 robe {rF+}
rNeg   . . .     Faith    .     (shield currently unavailable)
rPois  +         Spirit   .     (helmet restricted)
rElec  +         Dismiss  .     (no cloak)
rCorr  .         Reflect  .     (gloves unavailable)
SustAt .         Harm     .     (boots unavailable)
MR     +....                    (no amulet)
Stlth  +.........               F - ring "Oddubbey" {+Fly rElec rPois}
                                t - ring of protection from magic

@: exhausted, slowed, drained, very slow, somewhat resistant to hostile
enchantments, very unstealthy
A: unfitting armour, tough skin 1
a: Berserk, Trog's Hand, Brothers in Arms, Burn Spellbooks, Renounce Religion,
Evoke Flight


You were in a bailey.
You worshipped Trog.
Trog was extremely pleased with you.
You were hungry.

You visited 1 branch of the dungeon, and saw 7 of its levels.
You also visited: Bailey.

You collected 288 gold pieces.

Inventory:

Hand Weapons
 a - a +0 giant club (weapon)
Missiles
 e - 24 tomahawks of returning (quivered)
 j - 35 poisoned needles
 q - 2 large rocks
 K - 2 curare-tipped needles
Armour
 y - a +0 robe of magic resistance
 A - a +1 robe of fire resistance (worn)
Jewellery
 n - an uncursed ring of protection from fire
 t - a ring of protection from magic (left hand)
 F - the ring "Oddubbey" (right hand) {+Fly rElec rPois}
   (You found it on level 4 of the Dungeon)

   [ring of poison resistance]

   It insulates you from electricity.
   It protects you from poison.
   It lets you fly.
Wands
 C - a wand of enslavement (9/24)
Scrolls
 f - a scroll of noise {unknown}
 h - a scroll of recharging
 i - 2 scrolls of fog {unknown}
 k - 3 scrolls of remove curse {unknown}
 m - 3 scrolls of teleportation
 r - a scroll of blinking {unknown}
 w - a scroll of enchant weapon {unknown}
 x - 3 scrolls of enchant armour {unknown}
 D - a scroll of immolation {unknown}
 J - a scroll of torment {unknown}
Potions
 b - a potion of lignification {unknown}
 d - a potion of mutation {unknown}
 g - a potion of agility {unknown}
 o - 5 potions of curing {unknown}
 p - a potion of flight
 s - a potion of might
 z - 2 potions of heal wounds
 E - 3 potions of poison {unknown}
 H - a potion of berserk rage {unknown}
Books
 G - a book of Geomancy

   Spells                             Type                      Level
   a - Sandblast                      Earth                        1
   b - Stoneskin                      Transmutation/Earth          2
   c - Passwall                       Transmutation/Earth          3
   d - Stone Arrow                    Conjuration/Earth            3
   e - Petrify                        Transmutation/Earth          4
   f - Lee's Rapid Deconstruction     Earth                        5
   Trog disapproves of the use of such an item.
 L - a book of Necromancy

   Spells                             Type                      Level
   a - Pain                           Necromancy                   1
   b - Animate Skeleton               Necromancy                   1
   c - Vampiric Draining              Necromancy                   3
   d - Regeneration                   Charms/Necromancy            3
   e - Animate Dead                   Necromancy                   4
   f - Control Undead                 Necromancy                   4
   Trog disapproves of the use of such an item.
Comestibles
 c - 5 bread rations
 l - a slice of pizza
 u - 3 beef jerkies
 v - a meat ration


   Skills:
 - Level 4.0(3.8) Fighting
 + Level 16.4(16.1) Maces & Flails
 - Level 2.6(2.5) Dodging


You had 8 spell levels left.
You didn't know any spells.

Dungeon Overview and Level Annotations

Branches:
Dungeon (7/15)             Temple (0/1) D:7

Altars:
Elyvilon
Fedhas
Kikubaaqudgha
Nemelex Xobeh
Pakellas
Sif Muna
Xom
Zin

Annotations:
D:4 2 runed doors


Innate Abilities, Weirdness & Mutations

You are too large for most types of armour.
You have tough skin (AC +1).


Message History

The kobold barely misses you. The orc warrior barely misses you.
You closely miss the orc warrior.
The orc warrior is lightly wounded.
You sock the orc warrior!
The orc warrior is severely wounded.
You are no longer berserk.
You are exhausted.
You feel yourself slow down.
You are feeling hungry.
The kobold hits you with a vampiric dagger.
* * * LOW HITPOINT WARNING * * *
You closely miss the orc warrior.
The orc warrior is severely wounded.
The orc warrior barely misses you.
The kobold hits you with a vampiric dagger.
* * * LOW HITPOINT WARNING * * *
You closely miss the orc warrior.
The orc warrior is severely wounded.
The orc warrior hits you with a war axe!!
You die...

#≈≈.......≈≈###
##≈.......≈##
####'''####
##.....##
#∩....(∩#
#...8(..#
##..)(.##
###)### #K@o#
#.........#
#.............#
...............
...............
#.............#
###.......).###
####._.####


You could see an orc warrior and a kobold.

Vanquished Creatures
  Eustachio (D:6)
  A water moccasin (D:4)
  2 ice beasts
  2 orc warriors (Bailey)
  A sky beast (D:5)
  3 ogres
  3 phantoms
  Blork the orc (D:4)
  3 giant frogs (D:6)
  3 scorpions
  5 wights (D:6)
  A centaur zombie (D:5)
  A jelly (D:5)
  4 hounds
  4 orc priests
  A gnoll shaman (D:4)
  An iguana (D:4)
  10 orc wizards
  Ijyb (D:2)
  5 worker ants
  A killer bee zombie (D:7)
  A hound zombie (D:5)
  A hound skeleton (D:6)
  3 gnolls (D:4)
  7 adders
  A shadow imp (D:5)
  An adder zombie (D:5)
  An ooze (D:2)
  3 worms
  4 giant geckos
  38 orcs
  10 bats
  5 giant cockroaches
  6 goblins
  17 hobgoblins
  13 jackals
  6 quokkas
  3 ball pythons
  5 giant newts
  10 kobolds
  10 rats
199 creatures vanquished.

Notes
Turn   | Place    | Note
--------------------------------------------------------------
     0 | D:1      | Eptagon the Ogre Berserker began the quest for the Orb.
     0 | D:1      | Reached XP level 1. HP: 24/24 MP: 1/1
   218 | D:1      | Reached XP level 2. HP: 24/32 MP: 2/2
   391 | D:1      | Reached skill level 5 in Maces & Flails
   987 | D:2      | Reached XP level 3. HP: 36/39 MP: 3/3
  1242 | D:2      | Reached ** piety under Trog
  1403 | D:2      | Noticed Ijyb
  1404 | D:2      | Reached skill level 6 in Maces & Flails
  1416 | D:2      | Killed Ijyb
  1416 | D:2      | Reached XP level 4. HP: 48/48 MP: 4/4
  1750 | D:2      | Reached skill level 7 in Maces & Flails
  2693 | D:2      | Reached XP level 5. HP: 54/54 MP: 5/5
  2937 | D:3      | Reached *** piety under Trog
  2942 | D:3      | Found a white marble altar of Elyvilon.
  2945 | D:3      | Found an ancient bone altar of Kikubaaqudgha.
  2947 | D:3      | Found a shimmering altar of Xom.
  2947 | D:3      | Found a blossoming altar of Fedhas.
  2947 | D:3      | Found a glowing silver altar of Zin.
  2948 | D:3      | Found an oddly glowing altar of Pakellas.
  2949 | D:3      | Found a deep blue altar of Sif Muna.
  3014 | D:3      | Reached skill level 8 in Maces & Flails
  3442 | D:3      | Reached XP level 6. HP: 28/62 MP: 6/6
  3712 | D:4      | Reached skill level 9 in Maces & Flails
  3884 | D:4      | Found a large runed door.
  3885 | D:4      | Found a large runed door.
  3919 | D:4      | Noticed a water moccasin
  3931 | D:4      | Killed a water moccasin
  3931 | D:4      | Reached skill level 10 in Maces & Flails
  3931 | D:4      | Reached XP level 7. HP: 70/70 MP: 7/7
  4389 | D:4      | Noticed Blork the orc
  4416 | D:4      | Killed Blork the orc
  4462 | D:4      | Found a large runed door.
  4462 | D:4      | Found a large runed door.
  4560 | D:4      | Got a translucent bronze ring
  4653 | D:4      | Identified the ring "Tunnubueri" {rPois Str-2 Dex+4} (You found it on level 4 of the Dungeon)
  4662 | D:4      | Reached skill level 11 in Maces & Flails
  4675 | D:4      | Reached **** piety under Trog
  4998 | D:4      | Reached skill level 12 in Maces & Flails
  4998 | D:4      | Reached XP level 8. HP: 78/78 MP: 8/8
  5111 | D:4      | Got a crude pewter ring
  5113 | D:4      | Identified the ring "Oddubbey" {+Fly rElec rPois} (You found it on level 4 of the Dungeon)
  5136 | D:5      | Entered Level 5 of the Dungeon
  5776 | D:4      | Reached skill level 13 in Maces & Flails
  5884 | D:5      | Found a sparkling altar of Nemelex Xobeh.
  6488 | D:6      | Noticed Eustachio
  6494 | D:6      | Reached skill level 14 in Maces & Flails
  6500 | D:6      | Killed Eustachio
  6500 | D:6      | Reached XP level 9. HP: 67/84 MP: 9/9
  6951 | D:6      | Reached skill level 15 in Maces & Flails
  7088 | D:6      | Reached ***** piety under Trog
  7681 | D:7      | Reached skill level 16 in Maces & Flails
  7733 | D:7      | Found a flagged portal.
  7795 | Bailey   | Entered a bailey
  8211 | Bailey   | Found a bloodstained altar of Trog.
  8221 | Bailey   | Slain by an orc warrior

Vault maps used:
D:1:      minmay_arrival_stair_chambers
D:2:      uniq_iyjb
D:3:      minitemple, st_stairs_10
D:4:      first_bread, minmay_hollow_rounded_squares, uniq_blork_the_orc
D:5:      basic_altar
D:6:      st_stairs_10, uniq_eustachio
D:7:      minmay_temple_entry_grid, enter_bailey_2
Bailey:   bailey_axe_3, bailey

Action                   |  1- 3 |  4- 6 |  7- 9 || total
-------------------------+-------+-------+-------++-------
Melee: Mace              |   102 |   189 |       ||   291
       Whip              |       |    18 |   257 ||   275
       Giant club        |       |       |   193 ||   193
Throw: Large rock        |       |       |     1 ||     1
Invok: Berserk           |     3 |     7 |    19 ||    29
       Burn Spellbooks   |       |       |     1 ||     1
       Trog's Hand       |       |       |     2 ||     2
  Use: Scroll            |     2 |     3 |     4 ||     9
 Stab: Sleeping          |       |     1 |     3 ||     4
  Eat: Chunk             |     4 |    15 |    32 ||    51
       Royal jelly       |       |       |     1 ||     1
